 Dungeon Crawl Stone Soup version 0.20.0-15-g7f486f2 (webtiles) character file.

11 sagitran the Conjurer (level 2, -2/19 HPs)
             Began as a Demonspawn Wanderer on June 10, 2017.
             Slain by a hobgoblin
             ... wielding a +0 club
              (6 damage)
             ... on level 1 of the Dungeon.
             The game lasted 00:05:03 (186 turns).

sagitran the Conjurer (Demonspawn Wanderer)          Turns: 186, Time: 00:05:04

Health: -2/19      AC:  2    Str: 12    XL:     2   Next: 13%
Magic:  3/3        EV: 11    Int: 15    God:
Gold:   23         SH:  0    Dex: 10    Spells: 2/3 levels left

rFire    . . .     SeeInvis .   j - +0 short sword
rCold    . . .     Gourm    .   (no shield)
rNeg     . . .     Faith    .   i - +0 robe (curse)
rPois    .         Spirit   .   (no helmet)
rElec    .         Reflect  .   (no cloak)
rCorr    .         Harm     .   (no gloves)
MR       .....                  (no boots)
Stlth    +.........             (no amulet)
Regen    0.1/turn               (no ring)
MPRegen  0.1/turn               (no ring)

@: no status effects
A: sturdy frame 1
a: no special abilities


You were on level 1 of the Dungeon.
You were not hungry.

You visited 1 branch of the dungeon, and saw 1 of its levels.

You collected 23 gold pieces.

Inventory:

Hand Weapons
 c - a +0 shortbow
 j - a +0 short sword (weapon)
Missiles
 d - 21 arrows
Armour
 i - a cursed +0 robe (worn)
Scrolls
 g - a scroll of teleportation
Potions
 h - a potion of might {unknown}
Books
 a - a book of Conjurations

   Spells                             Type                      Level
   a - Magic Dart                     Conjuration                  1
   b - Searing Ray                    Conjuration                  2
   c - Dazzling Spray                 Conjuration/Hexes            3
   d - Fulminant Prism                Conjuration/Hexes            4
   e - Force Lance                    Conjuration/Translocation    4
   f - Iskenderun's Mystic Blast      Conjuration                  4
 b - the Reference Book on Cold

   Spells                             Type                      Level
   a - Throw Frost                    Conjuration/Ice              2
   b - Ensorcelled Hibernation        Hexes/Ice                    2
Comestibles
 f - a bread ration


   Skills:
 + Level 2.2 Bows
 + Level 1.0 Armour
 + Level 1.0 Stealth
 + Level 1.0 Spellcasting
 + Level 3.2 Conjurations
   Level 1.0 Earth Magic
   Level 1.0 Evocations


You had 2 spell levels left.
You knew the following spells:

 Your Spells              Type           Power        Failure   Level  Hunger
a - Magic Dart            Conj           ##..         7%          1    ##.....


Dungeon Overview and Level Annotations

Branches:
Dungeon (1/15)

Altars:


Innate Abilities, Weirdness & Mutations

Your movements are slightly less encumbered by armour. (ER -2)


Message History

The jackal bites you. The jackal closely misses you.
You hit the jackal but do no damage.
The jackal is almost dead.
The jackal bites you. The jackal barely misses you.
You hit the hobgoblin.
The hobgoblin is severely wounded.
The hobgoblin closely misses you. The jackal closely misses you.
You closely miss the jackal.
The jackal is almost dead.
The jackal bites you. The hobgoblin hits you with a club.
The jackal barely misses you.
You closely miss the hobgoblin.
The hobgoblin is severely wounded.
The hobgoblin hits you with a club.
* * * LOW HITPOINT WARNING * * *
The jackal closely misses you.
You hit the hobgoblin.
The hobgoblin is almost dead.
The jackal misses you. The hobgoblin hits you with a club.
You die...

#########
#.......######
#............#
#..####.##....
#....##.# .
#.@#.....
#..)gh....##
#.##..###.# #.
#(.. ...r #
.(.###### (#.#
. .# .. .#


You could see a jackal and a hobgoblin.

Vanquished Creatures
  A bat (D:1)
  A goblin (D:1)
  2 hobgoblins (D:1)
  2 jackals (D:1)
  A kobold (D:1)
  2 rats (D:1)
9 creatures vanquished.

Notes
Turn   | Place    | Note
-------+----------+-------------------------------------------
     0 | D:1      | sagitran the Demonspawn Wanderer began the quest for the Orb.
     0 | D:1      | sagitran set off with: a book of Conjurations, the Reference Book on Cold, a +0 shortbow, 26 arrows, a +0 robe, a bread ration
     0 | D:1      | Reached XP level 1. HP: 13/13 MP: 2/2
     2 | D:1      | Learned a level 1 spell: Magic Dart
   171 | D:1      | Gained mutation: Your movements are slightly less encumbered by armour. (ER -2) [demonic ancestry]
   171 | D:1      | Reached XP level 2. HP: 19/19 MP: 3/3
   186 | D:1      | Slain by a hobgoblin

Skill      XL: |  1 |
---------------+----+-----
Bows           | 2 |  2.2
Armour         | |  1.0
Stealth        | |  1.0
Spellcasting   | |  1.0
Conjurations   | |  3.2
Earth Magic    | |  1.0
Evocations     | |  1.0

Action                   || total
-------------------------++-------
Melee: Short sword       ||    11
 Fire: Shortbow          ||    17
  Use: Scroll            ||     1
Armor: Robe              ||     4
Dodge: Dodged            ||    20
